 Dungeon Crawl Stone Soup version 0.26-a0-771-g060e6a6 (webtiles) character file.

Game seed: 4186754394942785004

205 MrTaco21 the Cudgeler (level 5, -2/32 HPs)
             Began as a Gargoyle Fighter on Nov 8, 2020.
             Slain by a human (4 damage)
             ... on level 7 of the Dungeon.
             The game lasted 00:03:22 (2676 turns).

MrTaco21 the Cudgeler (Gargoyle Fighter)            Turns: 2676, Time: 00:03:22

Health: -2/32      AC: 13    Str: 20    XL:     5   Next: 83%
Magic:  5/5        EV:  7    Int:  9    God:
Gold:   127        SH:  9    Dex:  9    Spells: 4/4 levels left

rFire    . . .     SeeInvis .   a - +0 flail
rCold    . . .     Faith    .   c - +0 kite shield
rNeg     + . .     Spirit   .   b - +0 scale mail
rPois    ∞         Reflect  .   (no helmet)
rElec    +         Harm     .   o - +0 cloak (curse)
rCorr    .         Rampage  .   h - +0 pair of gloves
MR       .....                  (no boots)
Stlth    ..........             (no amulet)
HPRegen  0.10/turn              (no ring)
MPRegen  0.09/turn              (no ring)

@: no status effects
A: negative energy resistance 1, electricity resistance, unbreathing,
petrification resistance, rot immunity, AC +4
a: no special abilities


You were on level 7 of the Dungeon.
You visited 1 branch of the dungeon, and saw 5 of its levels.

You collected 127 gold pieces.

Inventory:

Hand Weapons
 a - a +0 flail (weapon)
Missiles
 j - 12 poisoned darts (quivered)
Armour
 b - a +0 scale mail (worn)
 c - a +0 kite shield (worn)
 h - a +0 pair of gloves (worn)
   (You found it on level 1 of the Dungeon)
 o - a cursed +0 cloak (worn)
   (You found it on level 6 of the Dungeon)
Scrolls
 e - 2 scrolls of immolation {unknown}
 f - a scroll of blinking {unknown}
 g - a scroll of fear {unknown}
 i - a scroll of remove curse {unknown}
 l - a scroll of identify {unknown}
 m - a scroll of fog {unknown}
Potions
 d - a potion of might
 k - a potion of haste {unknown}
 n - a potion of resistance {unknown}


   Skills:
 - Level 3.2 Fighting
 + Level 5.9 Maces & Flails
 - Level 3.2 Armour
 - Level 3.2 Shields


You had 4 spell levels left.
You didn't know any spells.
Your spell library was empty.

Dungeon Overview and Level Annotations

Branches:
Dungeon (7/15)
 Temple: D:4-7

Altars:
Qazlal
Wu Jian
Zin

Annotations:
D:6 Menkaure


Innate Abilities, Weirdness & Mutations

You are resistant to torment.
Your stone body is resilient. (AC +4)
You are immune to poison.
You resist negative energy. (rN+)
You are resistant to electric shocks. (rElec)
You can survive without breathing.
You are immune to petrification.
You are immune to rotting.


Message History

The human hits you with a cursed -1 club.
The human closely misses you.
The human hits you but does no damage. x2
You barely miss the human. The human hits you with a +0 mace.
The human hits you but does no damage. The human barely misses you.
The human hits you but does no damage. You block the human's attack.
You sock the human!
The human hits you but does no damage. x2
The human hits you with a cursed -1 club.
* * * LOW HITPOINT WARNING * * *
The human hits you but does no damage. x2
You can't go up here!
Unknown command.
You block the human's attack. The human closely misses you.
You block the human's attack. The human hits you but does no damage.
You block the human's attack.
You climb downwards.
There is a stone staircase leading up here.
You barely miss the human.
The human hits you but does no damage. x2
The human closely misses you.
You sock the human! You block the human's attack.
The human hits you but does no damage.
You hit the human but do no damage. You block the human's attack.
The human barely misses you.
You barely miss the human. The human hits you but does no damage.
The human hits you.
* * * LOW HITPOINT WARNING * * *
Unknown command.
You barely miss the human.
The human hits you but does no damage. x2
Unknown command.
You hit the human but do no damage. The human barely misses you.
The human hits you but does no damage.
Unknown command.
Your scale mail prevents you from hitting the human.
The human closely misses you. The human hits you but does no damage.
You block the human's attack.
Unknown command.
You hit the human but do no damage. The human hits you with a +0 club.
* * * LOW HITPOINT WARNING * * *
The human closely misses you. You block the human's attack.
You hit the human but do no damage. You block the human's attack.
The human hits you but does no damage.
Unknown command.
You closely miss the human. The human hits you.
* * * LOW HITPOINT WARNING * * *
The human hits you but does no damage.
You miss the human. The human hits you.
* * * LOW HITPOINT WARNING * * *
The human hits you but does no damage.
You sock the human! The human hits you but does no damage.
You block the human's attack. The human hits you.
You die...

######
#..pp#
####p#
#@#
#p#
#p#
#.#
#.#
#>#
#.#
#.#
#)#


You could see 5 humans.

Vanquished Creatures
  A big kobold (D:7)
  A worker ant (D:7)
  3 adders
  4 worms
  3 dart slugs
  3 leopard geckos
  3 giant cockroaches
  11 goblins
  4 hobgoblins (D:1)
  A quokka (D:6)
  6 bats
  3 frilled lizards
  18 kobolds
  3 rats
64 creatures vanquished.

Notes
Turn   | Place    | Note
-------+----------+-------------------------------------------
     0 | D:1      | MrTaco21 the Gargoyle Fighter began the quest for the Orb.
     0 | D:1      | Reached XP level 1. HP: 14/14 MP: 1/1
   172 | D:1      | Reached XP level 2. HP: 19/19 MP: 2/2
   361 | D:1      | Reached skill level 3 in Maces & Flails
   563 | D:1      | Reached XP level 3. HP: 23/23 MP: 3/3
  1211 | D:2      | Found a glowing silver altar of Zin.
  1211 | D:2      | Noticed an angel
  1299 | D:2      | Reached skill level 4 in Maces & Flails
  1329 | D:2      | Reached XP level 4. HP: 15/28 MP: 4/4
  1561 | D:2      | Found an ornate altar of the Wu Jian Council.
  1801 | D:2      | Found a stormy altar of Qazlal.
  2133 | D:3      | You fall into a shaft and drop 3 floors!
  2158 | D:6      | Noticed Menkaure
  2231 | D:7      | Noticed a cyclops
  2294 | D:6      | Noticed an ogre
  2302 | D:7      | Noticed a big kobold
  2323 | D:7      | Reached skill level 5 in Maces & Flails
  2323 | D:7      | Reached XP level 5. HP: 17/32 MP: 5/5
  2333 | D:7      | Killed a big kobold
  2641 | D:6      | Noticed a human
  2642 | D:6      | Noticed a human
  2642 | D:6      | Noticed a human
  2644 | D:6      | Noticed a human
  2644 | D:6      | Noticed a human
  2676 | D:7      | Slain by a human

Illustrated notes

Levels and vault maps discovered:
D:1:      scummos_arrival_forest, layout_loops_corners, serial_forest,
          infiniplex_forest_side_room, infiniplex_forest_clump_C,
          infiniplex_forest_straight_2, infiniplex_forest_clump_tiny,
          hex_medium, st_stairs_4
D:2:      layout_rooms, marbit_many_paths, zin_angel, old_standard_altar
D:3:      layout_basic, uniq_grinder
D:6:      layout_layer_cave, grunt_ministairs_7, minmay_ruffians, uniq_menkaure
D:7:      kb_forest_paths, layout_loops_ring, nicolae_overflow_hidden_temple,
          basic_altar, serial_shops, kennysheep_mini, uniq_joseph, uniq_duvessa

Skill      XL: |  1  2  3  4 |
---------------+-------------+-----
Maces & Flails | 3 4 5 |  5.9
Fighting       | |  3.2
Armour         | |  3.2
Shields        | |  3.2

Action                   |  1- 3 |  4- 6 || total
-------------------------+-------+-------++-------
Melee: Flail             |   123 |   153 ||   276
Armor: Scale mail        |    74 |   115 ||   189
Dodge: Dodged            |    37 |    70 ||   107
Block: Kite shield       |    68 |    95 ||   163

Table legend: (Time is in decaauts)
 A = Elapsed time spent in this place.
 B = Non-inter-level travel time spent in this place.
 C = Inter-level travel time spent in this place.
 D = Time resting spent in this place.
 E = Time spent auto-exploring this place.
 F = Levels seen in this place.
 G = Mean time per level.
                   A        B        C        D        E       F      G
               +--------+--------+--------+--------+--------+-----+--------+
         Total |   2754 |   2681 |     73 |    461 |   1507 |   5 |  550.8 |
       Dungeon |   2754 |   2681 |     73 |    461 |   1507 |   5 |  550.8 |
               +--------+--------+--------+--------+--------+-----+--------+

Top non-repeatable levels by time:
     D:1: 1100 daAuts
     D:2: 964 daAuts
     D:7: 360 daAuts
     D:6: 204 daAuts
     D:3: 125 daAuts
